Map: Year Zero LE

Players

llllllllllll

  • Race: Zerg Zerg
  • Spawn Location: 1:00

Lambo - Winner!

  • Race: Zerg Zerg
  • League: Grandmaster
  • Spawn Location: 11:00

VOD

Have the link to the VOD?

Description

Time

  • Played on: Feb. 10, 2019, 7:39 a.m.
  • Length: 8:05
Show
View Real Time Build Order
Export as new Build Order

llllllllllll Zerg 

Build Orders: Hatch First 

Get SALT Encoding   

  12  0:00  Drone  
  13  0:13  Overlord  
  13  0:17  Drone  
  14  0:33  Drone  
  14  0:34  Drone  
  16  0:35  Drone  
  17  0:52  Hatchery  
  17  0:55  Drone  
  17  0:59  Drone  
  18  1:10  Extractor  
  17  1:14  Spawning Pool  
  17  1:17  Drone  
  17  1:21  Drone  
  18  1:30  Drone  
  19  1:39  Overlord  
  19  1:50  Drone  
  20  2:01  Queen  
  20  2:02  Drone  
  20  2:04  Queen, Drone  
  26  2:14  Drone  
  27  2:17  Drone  
  29  2:22  Drone  
  29  2:27  Drone  
  30  2:33  Overlord  
  30  2:37  Drone  
  30  2:39  Queen  
  30  2:40  Lair  
  34  2:44  Drone  
  34  2:47  Evolution Chamber  
  34  2:48  Drone  
  34  2:55  Drone  
  35  2:59  Drone  
  35  3:01  Roach Warren  
  35  3:06  Overlord  
  35  3:10  Drone x2  
  35  3:12  Drone  
  38  3:14  Drone  
  38  3:15  Drone  
  38  3:19  Zerg Missile Weapons Level 1  
  40  3:21  Drone  
  40  3:23  Drone  
  42  3:27  Evolution Chamber  
  42  3:28  Drone  
  42  3:32  Drone  
  42  3:34  Drone  
  44  3:36  Extractor  
  44  3:38  Extractor  
  44  3:40  Glial Reconstitution  
  42  3:43  Overseer  
  42  3:45  Drone  
  42  3:46  Drone x2  
  45  3:49  Drone x2  
  45  3:51  Drone  
  45  3:55  Overlord  
  48  3:58  Overlord  
  48  4:09  Hatchery  
  47  4:21  Roach x3  
  47  4:22  Roach x2  
  57  4:25  Roach  
  57  4:27  Roach  
  57  4:29  Overlord  
  61  4:32  Overlord  
  61  4:36  Roach  
  61  4:37  Roach  
  65  4:40  Roach  
  67  4:46  Overlord  
  67  4:49  Roach x2  
  67  4:51  Roach  
  73  4:53  Overseer  
  73  4:56  Roach x2  
  79  5:00  Roach  
  79  5:06  Roach  
  79  5:07  Roach x2  
  85  5:10  Roach  
  87  5:15  Overlord  
  87  5:17  Zerg Missile Weapons Level 2  
  87  5:19  Drone  
  88  5:22  Drone  
  88  5:24  Drone  
  88  5:26  Drone x2  
  92  5:29  Drone x2  
  92  5:32  Drone  
  92  5:33  Overseer  
  95  5:37  Zerg Ground Armor Level 1  
  95  5:39  Overlord  
  95  5:42  Roach  
  97  5:48  Overlord  
  97  5:49  Overlord  
  97  5:52  Overlord  
  97  5:57  Drone  
  97  5:58  Drone  
  97  5:59  Roach, Drone x2  
  97  6:03  Roach  
  105  6:07  Roach x3  
  105  6:11  Roach x2  
  115  6:13  Roach  
  115  6:15  Roach  
  123  6:18  Roach x2  
  123  6:20  Roach  
  123  6:24  Extractor  
  124  6:27  Roach x3  
  124  6:32  Extractor  
  129  6:33  Overlord x2  
  129  6:39  Overlord  
  129  6:41  Overlord  
  131  6:49  Overlord  
  131  6:50  Overlord  
  131  6:51  Overlord  
  131  6:52  Roach x3  
  137  6:55  Ravager  
  137  6:59  Roach x3  
  137  7:00  Roach  
  146  7:04  Roach x2  
  146  7:08  Roach x2  
  154  7:11  Roach  
  154  7:14  Overlord  
  158  7:15  Roach  
  158  7:18  Roach  
  158  7:20  Roach  
  158  7:21  Overlord x2  
  162  7:26  Roach  
  164  7:33  Roach x3  
Show
View Real Time Build Order
Export as new Build Order

Lambo Zerg - Winner!

Build Orders: Hatch First 

Get SALT Encoding   

  12  0:00  Drone  
  13  0:13  Overlord  
  13  0:18  Drone  
  14  0:31  Drone x2  
  16  0:50  Hatchery  
  16  0:54  Drone  
  16  0:57  Drone  
  16  1:01  Drone  
  18  1:12  Extractor  
  18  1:16  Spawning Pool  
  16  1:19  Drone  
  16  1:22  Drone  
  18  1:30  Drone  
  19  1:40  Drone  
  20  1:52  Drone  
  21  2:02  Queen x2, Drone  
  21  2:03  Overlord  
  26  2:14  Zergling x2  
  26  2:15  Drone  
  28  2:24  Drone x2  
  30  2:34  Drone x2  
  32  2:44  Hatchery  
  31  2:45  Drone  
  31  2:48  Overlord  
  32  2:55  Drone  
  33  3:00  Evolution Chamber  
  33  3:01  Drone  
  33  3:05  Drone, Roach Warren  
  32  3:08  Drone  
  34  3:13  Drone x3  
  34  3:16  Drone  
  38  3:21  Drone  
  38  3:22  Overlord  
  38  3:23  Drone x2  
  41  3:30  Zerg Missile Weapons Level 1  
  41  3:35  Extractor  
  41  3:36  Extractor, Drone  
  41  3:38  Lair  
  41  3:39  Drone  
  41  3:42  Drone  
  41  3:45  Drone x3  
  45  3:50  Drone  
  45  3:52  Overlord  
  46  3:58  Roach  
  46  3:59  Roach  
  52  4:02  Roach  
  52  4:13  Roach x2  
  52  4:16  Drone x3  
  52  4:17  Drone  
  60  4:21  Drone x3  
  60  4:22  Overlord  
  60  4:23  Drone  
  64  4:25  Overlord  
  64  4:28  Drone x2  
  66  4:40  Queen, Overlord, Glial Reconstitution  
  66  4:41  Overseer  
  68  4:46  Overlord  
  68  4:49  Drone x2  
  68  4:51  Drone  
  68  4:52  Extractor  
  72  4:53  Roach x2  
  72  4:57  Roach x2  
  78  5:01  Roach x2  
  82  5:07  Overlord  
  82  5:10  Roach  
  82  5:11  Roach x3  
  90  5:16  Overlord  
  90  5:18  Roach  
  92  5:22  Overlord  
  92  5:24  Roach, Zerg Ground Armor Level 1  
  94  5:29  Overlord  
  94  5:31  Roach x2  
  94  5:32  Overlord  
  98  5:35  Overlord  
  98  5:37  Overlord  
  98  5:40  Overlord  
  98  5:44  Roach  
  98  5:46  Extractor, Overlord  
  99  5:50  Drone  
  99  5:51  Drone x3  
  99  5:54  Extractor, Drone x2  
  104  5:57  Drone  
  104  5:58  Drone x2  
  104  6:02  Drone x2  
  109  6:08  Drone x3  
  109  6:09  Roach  
  109  6:11  Drone  
  115  6:15  Roach, Ravager x2  
  115  6:16  Ravager x2  
  120  6:18  Overlord  
  120  6:19  Pneumatized Carapace  
  120  6:22  Roach x2  
  124  6:28  Roach  
  124  6:30  Roach x3  
  132  6:35  Roach x2  
  132  6:36  Roach x2  
  140  6:41  Roach x3  
  140  6:45  Overlord  
  146  6:50  Roach x2  
  150  6:55  Ravager x2  
  150  6:56  Roach  
  150  6:59  Roach x3  
  150  7:00  Roach  
  162  7:02  Overlord  
  162  7:03  Roach x3  
  168  7:09  Overlord  
  168  7:10  Roach x3  
  168  7:12  Ravager  
  168  7:14  Roach x2  
  179  7:22  Roach x3  
  185  7:30  Roach x5  
  185  7:34  Roach  
  185  7:36  Roach  
  191  7:46  Roach x6  
Tags
 
Add a new tag
Caveats
  • Supply blocks, unpowered buildings, or Contaminate may cause inaccurate times.
  • Supply counts are checked every 10 seconds.